 Dungeon Sprint DCSS version 0.26-a0-667-g92642533e4 (webtiles) character file.

Game seed: 15631276775537065982

691 Conn the Thaumaturge (level 10, -2/63 HPs)
             Began as an Octopode Hedge Wizard on Oct 18, 2020.
             Was a High Priest of Vehumet.
             Killed from afar by a steam dragon (3 damage)
             ... with a ball of steam
             ... in the Dungeon (Sprint VI: "Thunderdome").
             The game lasted 00:27:29 (1030 turns).

Conn the Thaumaturge (Octopode Hedge Wizard)        Turns: 1030, Time: 00:27:29

Health: -2/63      AC:  3    Str: 23    XL:     10   Next: 35%
Magic:  0/27       EV: 17    Int: 29    God:    Vehumet [*****.]
Gold:   610        SH:  0    Dex: 24    Spells: 7/35 levels left

rFire    + . .     SeeInvis .   a - +0 dagger
rCold    + + .     Faith    .   (no shield)
rNeg     + + +     Spirit   .   p - +2 hat "Omexoiho" {-Tele Str+4 Int+3}
rPois    .         Reflect  .   o - amulet "Kuihimebu" {RegenMP rN++ MR- Str+2 Dex+3}
rElec    +         Harm     .   h - ring "Magiywn" {rElec rN+}
rCorr    .         Rampage  .   n - ring of Masauw Tiplo {*Contam Str+6 Int+6 Stlth+}
MR       +....     NoTele   +   q - ring "Usagib" {Ice MR+ Dex+2}
Stlth    +++++.....             r - ring "Efyppiso" {*Drain +Blink rC+ rN+ Str+3}
HPRegen  0.20/turn              s - ring "Seuriomor" {Fire Dex+6}
MPRegen  0.45/turn              m - ring "Ulituel" {rF+ rC+ MR+ Str-2 Dex+2}
                                (no ring)
                                (no ring)

@: flying (expiring)
A: almost no armour, stealthy swim, amphibious, 8 rings, constrict 8, camouflage
1, gelatinous body 1
}: 1/15 runes: decaying
a: Renounce Religion, Evoke Blink


You were in the Dungeon.
You worshipped Vehumet.
Vehumet was extremely pleased with you.
You visited 1 branch You collected 1240 gold pieces.
You spent 630 gold pieces at shops.

Inventory:

Hand Weapons
 a - a +0 dagger (weapon)
Armour
 b - a +0 hat
 p - the +2 hat "Omexoiho" (worn) {-Tele Str+4 Int+3}
   (You bought it in a shop in the Dungeon)

   It affects your strength (+4).
   It affects your intelligence (+3).
   It prevents most forms of teleportation.
Jewellery
 h - the ring "Magiywn" (left tentacle) {rElec rN+}
   (You found it in the Dungeon)

   [ring of positive energy]

   It insulates you from electricity.
   It protects you from negative energy.
 m - the ring "Ulituel" (on tentacle) {rF+ rC+ MR+ Str-2 Dex+2}
   (You bought it in a shop in the Dungeon)

   [ring of protection from cold]

   It affects your strength (-2).
   It affects your dexterity (+2).
   It protects you from fire.
   It protects you from cold.
   It affects your resistance to hostile enchantments.
 n - the ring of Masauw Tiplo (right tentacle) {*Contam Str+6 Int+6 Stlth+}
   (You bought it in a shop in the Dungeon)

   [ring of strength]

   It affects your strength (+6).
   It affects your intelligence (+6).
   It causes magical contamination when unequipped.
   It makes you more stealthy.
 o - the amulet "Kuihimebu" (around mantle) {RegenMP rN++ MR- Str+2 Dex+3}
   (You bought it in a shop in the Dungeon)

   [amulet of magic regeneration]

   It increases your magic regeneration.
   It affects your strength (+2).
   It affects your dexterity (+3).
   It greatly protects you from negative energy.
   It affects your resistance to hostile enchantments.
 q - the ring "Usagib" (on tentacle) {Ice MR+ Dex+2}
   (You bought it in a shop in the Dungeon)

   [ring of ice]

   It enhances your ice magic.
   It affects your dexterity (+2).
   It makes you vulnerable to fire.
   It protects you from cold.
   It affects your resistance to hostile enchantments.
 r - the ring "Efyppiso" (on tentacle) {*Drain +Blink rC+ rN+ Str+3}
   (You bought it in a shop in the Dungeon)

   [ring of positive energy]

   It affects your strength (+3).
   It protects you from cold.
   It protects you from negative energy.
   It lets you blink.
   It causes draining when unequipped.
 s - the ring "Seuriomor" (on tentacle) {Fire Dex+6}
   (You bought it in a shop in the Dungeon)

   [ring of fire]

   It enhances your fire magic.
   It affects your dexterity (+6).
   It protects you from fire.
   It makes you vulnerable to cold.
Wands
 c - a wand of acid (4)
 j - a wand of iceblast (4)
Scrolls
 i - 4 scrolls of blinking
 k - 3 scrolls of fog
Potions
 f - 3 potions of haste
 g - a potion of magic
 l - a potion of resistance


   Skills:
 + Level 3.2 Fighting
 + Level 2.2 Short Blades
 + Level 4.9 Dodging
 - Level 4.6 Stealth
 * Level 13.4 Spellcasting
 * Level 11.3 Conjurations
 + Level 2.6 Summonings
 + Level 5.1 Translocations
 * Level 6.8 Fire Magic
 + Level 1.7 Ice Magic
 * Level 6.5 Air Magic
 + Level 3.7 Poison Magic
 + Level 2.0 Evocations


You had 7 spell levels left.
You knew the following spells:

 Your Spells              Type           Power        Failure   Level
a - Magic Dart            Conj           ####         1%          1
b - Blink                 Tloc           N/A          1%          2
c - Call Imp              Summ           ####....     1%          2
d - Foxfire               Conj/Fire      ####         1%          1
e - Searing Ray           Conj           ######       1%          2
f - Conjure Flame         Conj/Fire      #######.     1%          3
g - Mephitic Cloud        Conj/Pois/Air  ######..     1%          3
h - Frozen Ramparts       Ice            #####.       1%          3
i - Inner Flame           Hex/Fire       ######..     1%          3
j - Iskenderun's Mystic   Conj/Tloc      ######..     1%          4
k - Olgreb's Toxic Radia  Pois           #####...     1%          4

Your spell library contained the following spells:

 Spells                   Type           Power        Failure   Level
 Conjure Ball Lightning   Conj/Air       ######....   3%          6
 Slow                     Hex            ###.....     4%          2


Dungeon Overview and Level Annotations

Branches:
Dungeon (1/1)

Altars:
Cheibriados
Dithmenos
Fedhas
Gozag
Kikubaaqudgha
Makhleb
Okawaru
Qazlal
Ru
Sif Muna
Trog
Uskayaw
Vehumet
Wu Jian
Xom
Yredelemnul
Zin
The Shining One
Beogh
Jiyva
Lugonu

Shops:
D *[??*?*:[((!!!!


Innate Abilities, Weirdness & Mutations

You cannot wear most types of armour.
You are very stealthy in the water. (Stealth+)
You are amphibious.
You can wear up to eight rings at the same time.
You can use your tentacles to constrict eight enemies at once.
Your skin changes colour to match your surroundings (Stealth+).
Your rubbery body absorbs attacks. (AC +1, EV +1)


Message History

The air elemental closely misses you.
Okay, then.
Unknown command.
Unknown command.
Unknown command.
Okay, then.
Unknown command.
Okay, then.
Unknown command.
Casting: Iskenderun's Mystic Blast (safe; 1% risk of failure)
Confirm with . or Enter, or press ? or * to list all spells.
You erupt in a blast of force!
The mystic blast hits the air elemental!
The air elemental is heavily damaged.
The air elemental is knocked back by the mystic blast.
* * * LOW HITPOINT WARNING * * *
The winds around the air elemental start to calm down.
The steam dragon breathes steam at you. The ball of steam hits you. You resist.
You die...

##._._....(.###..(...___∩##
###∩........8.# #.8........∩##
##...=.........###§............
#⌠..........###§§.###..........
#⌠.......).§# #§§[# #..........
#⌠.........§###§..###..........
##.........§§§§###.............
###∩......§§8E# #)8........∩##
##∩___..§.§@###.)[..._._∩##
######.8§§§§§§...8.######
#⌠.§...§§D...§# ###.........###
#_(......_# #_..[.....#
#_......._# #∩.......∩#
##∩.....∩##


You could see an air elemental and a steam dragon (catching breath).

Vanquished Creatures
  Nessos (D)
  A wizard (D)
  A rust devil (D)
  An air elemental (D)
  A steam dragon (D)
  A sky beast (D)
  7 centaurs (D)
  2 scorpions (D)
  6 orc priests (D)
  5 oozes (D)
  4 giant cockroaches (D)
30 creatures vanquished.

Vanquished Creatures (others)
  25 foxfires (D)
25 creatures vanquished.

Grand Total: 55 creatures vanquished

Notes
Turn   | Place    | Note
-------+----------+-------------------------------------------
     0 | D        | Conn the Octopode Hedge Wizard began the quest for the Orb.
     0 | D        | Reached XP level 1. HP: 11/11 MP: 4/4
     1 | D        | Found a blossoming altar of Fedhas.
     1 | D        | Found a sacrificial altar of Ru.
     2 | D        | Found a snail-covered altar of Cheibriados.
     3 | D        | Found an iron altar of Okawaru.
     3 | D        | Found a shimmering blue altar of Sif Muna.
     4 | D        | Found a basalt altar of Yredelemnul.
     4 | D        | Found a stormy altar of Qazlal.
     4 | D        | Found Urroxzama's Identification Station.
     5 | D        | Found Tyodyese's Jewellery.
     5 | D        | Found Geohilal's Advanced Armour.
     5 | D        | Round 1.
     7 | D        | Found an opulent altar of Gozag.
     8 | D        | Found Wediot's Magic Scroll Shop.
     9 | D        | Found a glowing golden altar of the Shining One.
     9 | D        | Found an ancient bone altar of Kikubaaqudgha.
     9 | D        | Found a shadowy altar of Dithmenos.
     9 | D        | Found Beodghiska's Staff Store.
     9 | D        | Found Hili Exo's Magic Scroll Shop.
     9 | D        | Found Poeleyr's Must-Have Magic.
    19 | D        | Reached skill level 4 in Spellcasting
    20 | D        | Found a hide-covered altar of Uskayaw.
    21 | D        | Found a shimmering altar of Xom.
    22 | D        | Found a viscous altar of Jiyva.
    23 | D        | Found Guanu's Distillery.
    24 | D        | Found Sinwir Puha's Distillery.
    24 | D        | Found Qataf's Bottled Wisdom.
    24 | D        | Found a corrupted altar of Lugonu.
    24 | D        | Found an ornate altar of the Wu Jian Council.
    24 | D        | Found Waor's Do-It-Yourself Clinic.
    28 | D        | Found a roughly hewn altar of Beogh.
    30 | D        | Found a radiant altar of Vehumet.
    31 | D        | Found Ewkoneh's Weapon Rack.
    32 | D        | Found a glowing silver altar of Zin.
    32 | D        | Found a bloodstained altar of Trog.
    32 | D        | Found a burning altar of Makhleb.
    32 | D        | Found Xiexoyps's Premium Goods.
    32 | D        | Found Igyxor's Basic Armour.
    32 | D        | Found Zirugor's Miscellaneous Merchandise.
    38 | D        | Became a worshipper of Vehumet
    57 | D        | Bought a warped turquoise ring for 45 gold pieces
    57 | D        | Bought a shimmering glass ring for 45 gold pieces
    57 | D        | Bought a flickering tin amulet for 45 gold pieces
    58 | D        | Identified the ring of Apotoral {Str+6 Int-4 Stlth-} (You
                  | bought it in a shop in the Dungeon)
    59 | D        | Identified the ring of Masauw Tiplo {*Contam Str+6 Int+6
                  | Stlth+} (You bought it in a shop in the Dungeon)
    65 | D        | Identified the amulet "Kuihimebu" {RegenMP rN++ MR- Str+2
                  | Dex+3} (You bought it in a shop in the Dungeon)
    74 | D        | Reached XP level 2. HP: 11/17 MP: 0/7
    93 | D        | Learned a level 2 spell: Blink
    96 | D        | Learned a level 2 spell: Call Imp
   131 | D        | Reached * piety under Vehumet
   131 | D        | Offered knowledge of Foxfire by Vehumet.
   131 | D        | Reached skill level 5 in Spellcasting
   134 | D        | Learned a level 1 spell: Foxfire
   160 | D        | Arena points: 12 (+12) [x2]
   160 | D        | Reached XP level 3. HP: 12/21 MP: 2/9
   188 | D        | Round 2.
   205 | D        | Noticed a scorpion
   218 | D        | Noticed a scorpion
   226 | D        | Killed a scorpion
   226 | D        | Offered knowledge of Searing Ray by Vehumet.
   226 | D        | Reached ** piety under Vehumet
   226 | D        | Reached skill level 6 in Spellcasting
   226 | D        | Reached XP level 4. HP: 27/27 MP: 1/12
   229 | D        | Reached skill level 7 in Spellcasting
   229 | D        | Reached skill level 1 in Fire Magic
   229 | D        | Reached XP level 5. HP: 32/32 MP: 2/15
   238 | D        | Learned a level 2 spell: Searing Ray
   245 | D        | Learned a level 3 spell: Conjure Flame
   249 | D        | Learned a level 3 spell: Mephitic Cloud
   279 | D        | Offered knowledge of Frozen Ramparts by Vehumet.
   284 | D        | Learned a level 3 spell: Frozen Ramparts
   291 | D        | Reached *** piety under Vehumet
   291 | D        | Arena points: 54 (+42) [x3]
   320 | D        | Round 3.
   347 | D        | Noticed a rust devil
   360 | D        | Noticed a rust devil
   363 | D        | Noticed a rust devil
   365 | D        | Noticed a rust devil
   403 | D        | Noticed a boulder beetle
   410 | D        | Arena points: 57 (+3) [x1]
   425 | D        | Round 4.
   439 | D        | Reached skill level 8 in Spellcasting
   442 | D        | Offered knowledge of Inner Flame by Vehumet.
   442 | D        | Reached skill level 1 in Short Blades
   445 | D        | Reached skill level 1 in Fighting
   457 | D        | Learned a level 3 spell: Inner Flame
   457 | D        | Reached **** piety under Vehumet
   457 | D        | Reached skill level 9 in Spellcasting
   457 | D        | Reached XP level 6. HP: 11/38 MP: 9/18
   468 | D        | Offered knowledge of Iskenderun's Mystic Blast by Vehumet.
   474 | D        | Arena points: 113 (+56) [x2]
   495 | D        | Round 5.
   502 | D        | Noticed a witch
   539 | D        | Noticed a bog body
   539 | D        | Noticed a vampire mosquito
   545 | D        | Killed a witch
   545 | D        | Arena points: 253 (+140) [x4]
   545 | D        | Reached skill level 11 in Spellcasting
   545 | D        | Reached skill level 1 in Evocations
   545 | D        | Reached XP level 7. HP: 24/45 MP: 16/22
   545 | D        | Reached XP level 8. HP: 27/50 MP: 16/23
   546 | D        | Got an ancient jade ring
   546 | D        | Got a decaying rune of Zot
   547 | D        | Identified the ring "Magiywn" {rElec rN+} (You found it in
                  | the Dungeon)
   557 | D        | Learned a level 4 spell: Iskenderun's Mystic Blast
   571 | D        | Bought a smoking hat for 315 gold pieces
   582 | D        | Identified the +2 hat "Omexoiho" {-Tele Str+4 Int+3} (You
                  | bought it in a shop in the Dungeon)
   587 | D        | Bought a glittering brass ring for 45 gold pieces
   588 | D        | Identified the ring "Usagib" {Ice MR+ Dex+2} (You bought it
                  | in a shop in the Dungeon)
   590 | D        | Bought a glittering glass ring for 45 gold pieces
   591 | D        | Identified the ring "Efyppiso" {*Drain +Blink rC+ rN+
                  | Str+3} (You bought it in a shop in the Dungeon)
   593 | D        | Bought a glittering glass ring for 45 gold pieces
   594 | D        | Identified the ring "Seuriomor" {Fire Dex+6} (You bought it
                  | in a shop in the Dungeon)
   718 | D        | Round 6.
   757 | D        | Noticed a rust devil
   767 | D        | Killed a rust devil
   767 | D        | Reached skill level 12 in Spellcasting
   767 | D        | Reached skill level 5 in Fire Magic
   768 | D        | Noticed an iron troll
   775 | D        | Noticed an iron troll
   781 | D        | Noticed a boulder beetle
   786 | D        | Reached skill level 10 in Conjurations
   786 | D        | Reached XP level 9. HP: 24/55 MP: 6/25
   787 | D        | Arena points: 313 (+60) [x5]
   802 | D        | Round 7.
   818 | D        | Bought a vibrating pewter ring for 45 gold pieces
   818 | D        | Identified the ring "Ulituel" {rF+ rC+ MR+ Str-2 Dex+2}
                  | (You bought it in a shop in the Dungeon)
   835 | D        | Reached skill level 5 in Air Magic
   837 | D        | Reached ***** piety under Vehumet
   837 | D        | Offered knowledge of Olgreb's Toxic Radiance by Vehumet.
   847 | D        | Learned a level 4 spell: Olgreb's Toxic Radiance
   916 | D        | Noticed Nessos
   932 | D        | Killed Nessos
   932 | D        | Reached skill level 13 in Spellcasting
   932 | D        | Reached skill level 5 in Translocations
   932 | D        | Reached skill level 1 in Ice Magic
   932 | D        | Reached XP level 10. HP: 29/63 MP: 15/27
   939 | D        | Offered knowledge of Conjure Ball Lightning by Vehumet.
   939 | D        | Arena points: 691 (+378) [x6]
  1010 | D        | Round 8.
  1030 | D        | HP: 1/63 [air elemental/tornado (3)]
  1030 | D        | Killed from afar by a steam dragon

Illustrated notes

Levels and vault maps discovered:
D:        arena_sprint

Skill      XL: |  1  2  3  4  5  6  7  8  9 10 |
---------------+-------------------------------+-----
Stealth        | 3 4 |  4.6
Spellcasting   | 4 5 6 7 9 11 12 13 | 13.4
Dodging        | 3 4 |  4.9
Conjurations   | 2 3 4 6 10 11 | 11.3
Fire Magic     | 1 4 5 6 |  6.8
Short Blades   | 1 2 |  2.2
Translocations | 2 4 5 |  5.1
Fighting       | 1 2 3 |  3.2
Summonings     | 2 |  2.6
Air Magic      | 4 6 |  6.5
Poison Magic   | 2 3 |  3.7
Evocations     | 1 2 |  2.0
Ice Magic      | 1 |  1.7

Action                   |  1- 3 |  4- 6 |  7- 9 | 10-12 || total
-------------------------+-------+-------+-------+-------++-------
Melee: Dagger            |    13 |    18 |     2 |       ||    33
       Tentacles         |     2 |     4 |     1 |       ||     7
       Constrict         |     1 |     5 |     1 |       ||     7
 Cast: Magic Dart        |    14 |    23 |     4 |       ||    41
       Foxfire           |     6 |     3 |     5 |       ||    14
       Call Imp          |     2 |       |       |       ||     2
       Blink             |       |     8 |       |       ||     8
       Searing Ray       |       |     4 |     7 |     3 ||    14
       Mephitic Cloud    |       |     4 |     7 |     3 ||    14
       Iskenderun's Myst |       |       |     4 |     7 ||    11
       Frozen Ramparts   |       |       |     1 |       ||     1
Evoke: Wand              |       |     1 |     1 |       ||     2
  Use: Potion            |     2 |     2 |     3 |     2 ||     9
 Stab: Confused          |       |     4 |       |       ||     4
Armor: Skin              |     1 |       |       |     1 ||     2
Dodge: Dodged            |    10 |     9 |     6 |     7 ||    32

Table legend: (Time is in decaauts)
 A = Elapsed time spent in this place.
 B = Non-inter-level travel time spent in this place.
 C = Inter-level travel time spent in this place.
 D = Time resting spent in this place.
 E = Time spent auto-exploring this place.
 F = Levels seen in this place.
 G = Mean time per level.
                   A        B        C        D        E       F      G
               +--------+--------+--------+--------+--------+-----+--------+
         Total |   1015 |   1015 |      0 |     57 |     62 |   1 | 1015.0 |
       Dungeon |   1015 |   1015 |      0 |     57 |     62 |   1 | 1015.0 |
               +--------+--------+--------+--------+--------+-----+--------+

Top non-repeatable levels by time:
       D: 1015 daAuts
